 Dungeon Crawl Stone Soup version 0.20.0-15-g7f486f2 (webtiles) character file.

77 StormFighter the Slasher (level 4, 0/23 HPs)
             Began as a Vine Stalker Fighter on June 23, 2017.
             Slain by a gnoll
             ... wielding a cursed +0 spear
              (7 damage)
             ... on level 2 of the Dungeon.
             The game lasted 00:02:17 (1219 turns).

StormFighter the Slasher (Vine Stalker Fighter)     Turns: 1219, Time: 00:02:18

Health: 0/23       AC:  6    Str: 20    XL:     4   Next: 34%
Magic:  0/5        EV:  7    Int:  8    God:
Gold:   83         SH:  9    Dex: 13    Spells: 3/3 levels left

rFire    . . .     SeeInvis .   a - +0 long sword
rCold    . . .     Gourm    .   c - +0 shield
rNeg     . . .     Faith    .   b - +0 scale mail
rPois    .         Spirit   +   (no helmet)
rElec    .         Reflect  .   (no cloak)
rCorr    .         Harm     .   (no gloves)
MR       .....                  (no boots)
Stlth    ..........             (no amulet)
Regen    0.5/turn               (no ring)
MPRegen  0.1/turn               (no ring)

@: no status effects
A: fangs 2, regeneration 1, magic shield, antimagic bite, no potion heal 3, rot
immunity
a: no special abilities


You were on level 2 of the Dungeon.
You were not hungry.

You visited 1 branch of the dungeon, and saw 2 of its levels.

You collected 83 gold pieces.

Inventory:

Hand Weapons
 a - a +0 long sword (weapon)
Armour
 b - a +0 scale mail (worn)
 c - a +0 shield (worn)
 r - a +0 helmet
Jewellery
 m - an uncursed ring of resist corrosion {unknown}
Scrolls
 e - 2 scrolls of fear {unknown}
 i - a scroll of noise {unknown}
 j - a scroll of amnesia {unknown}
 k - a scroll of magic mapping {unknown}
 n - a scroll of enchant armour {unknown}
Potions
 d - 2 potions of might
 g - 2 potions of haste {unknown}
 h - 2 potions of curing {unknown}
 l - a potion of agility {unknown}
 o - 2 potions of lignification {unknown}
 p - a potion of mutation {unknown}
Comestibles
 f - a bread ration
 q - 2 chunks of flesh


   Skills:
 - Level 2.6 Fighting
 + Level 4.0 Long Blades
 - Level 2.4 Armour
 - Level 2.6 Shields


You had 3 spell levels left.
You didn't know any spells.

Dungeon Overview and Level Annotations

Branches:
Dungeon (2/15)

Altars:
Nemelex Xobeh


Innate Abilities, Weirdness & Mutations

You have extremely sharp teeth.
Your natural rate of healing is unusually fast.
When hurt, damage is shared between your health and your magic reserves.
Your bite disrupts and absorbs the magic of your enemies.
Potions cannot restore your health.
You are immune to rotting.


Message History

Your shield and scale mail prevent you from hitting the gnoll.
Your bite misses the gnoll.
The gnoll is severely wounded.
The gnoll completely misses you. The gnoll hits you but does no damage.
You hit the gnoll but do no damage. You bite the gnoll. You drain its power.
You feel invigorated.
The gnoll is almost dead.
The gnoll hits you but does no damage. You block the gnoll's attack.
The gnoll closely misses you.
You hit the gnoll.
The gnoll is almost dead.
The gnoll hits you from afar with a spear.
The gnoll hits you with a flail!
* * * LOW HITPOINT WARNING * * *
You hit the gnoll.
You kill the gnoll!
Your Long Blades skill increases to level 4!
The gnoll hits you but does no damage.
The gnoll hits you from afar with a spear!
You die...

.....#.# ####...#.....#
.....#.# #.#....#.#.#.#
.....#.# #.#.#........#
.....#.###...#..#.#...#
...............>..<)..#
...........#.#...##...#
...........).##..#....#
.......).#.#.g.g.#..#.#
##.##..g.#.#.###@#..#.#
.......gg.....g..#..#)#
.....#.###.##.......).#
.....#.........#.#.####
....##.........#.#.#
#..............#.#.#
.................#.#
#................#..
##.....###.......###


You could see 3 gnolls.

Vanquished Creatures
  Robin (D:1)
  A gnoll (D:2)
  An ooze (D:1)
  A worm (D:2)
  2 leopard geckos (D:1)
  2 bats (D:1)
  A giant cockroach (D:1)
  11 goblins
  10 hobgoblins
  A quokka (D:2)
  A ball python (D:2)
  8 kobolds
  6 rats (D:1)
46 creatures vanquished.

Notes
Turn   | Place    | Note
-------+----------+-------------------------------------------
     0 | D:1      | StormFighter the Vine Stalker Fighter began the quest for the Orb.
     0 | D:1      | Reached XP level 1. HP: 11/11 MP: 2/2
    18 | D:1      | Found a sparkling altar of Nemelex Xobeh.
    97 | D:1      | Reached skill level 2 in Long Blades
   273 | D:1      | Reached XP level 2. HP: 12/16 MP: 3/3
   424 | D:1      | Reached skill level 3 in Long Blades
   424 | D:1      | Reached XP level 3. HP: 17/19 MP: 4/4
  1018 | D:2      | Noticed Robin
  1068 | D:1      | Killed Robin
  1098 | D:1      | Gained mutation: Your natural rate of healing is unusually fast. [Vine Stalker growth]
  1098 | D:1      | Reached XP level 4. HP: 10/23 MP: 5/5
  1219 | D:2      | Reached skill level 4 in Long Blades
  1219 | D:2      | Slain by a gnoll

Skill      XL: |  1  2  3  4 |
---------------+-------------+-----
Long Blades    | 2 3 4 |  4.0
Fighting       | |  2.6
Armour         | |  2.4
Shields        | |  2.6

Action                   |  1- 3 |  4- 6 || total
-------------------------+-------+-------++-------
Melee: Long sword        |    96 |    26 ||   122
       Bite              |    24 |     7 ||    31
  Eat: Chunk             |     1 |       ||     1
Armor: Scale mail        |    46 |    12 ||    58
Dodge: Dodged            |    31 |    11 ||    42
Block: Shield            |    57 |    21 ||    78
       Rpst.: Long sword |    10 |     2 ||    12
